 Dungeon Crawl Stone Soup version 0.27.1 (webtiles) character file.

Game seed: 14136607012030805409

391 Kangaroobicon the Cudgeller (level 6, -2/61 HPs)
             Began as a Troll Berserker on Aug 28, 2021.
             Was a Priest of Trog.
             Slain by a gnoll sergeant (8 damage)
             ... on level 5 of the Dungeon.
             The game lasted 00:41:59 (2972 turns).

Kangaroobicon the Cudgeller (Troll Berserker)       Turns: 2972, Time: 00:41:59

Health: -2/61      AC: 12    Str: 26    XL:     6   Next: 50%
Magic:  5/5        EV:  4    Int:  9    God:    Trog [***...]
Gold:   111        SH:  0    Dex: 11    Spells: 5/5 levels left

rFire    . . .     SeeInvis .   a - +0 mace
rCold    . . .     Faith    .   (no shield)
rNeg     + . .     Spirit   .   f - +0 pearl dragon scales
rPois    .         Reflect  .   (helmet restricted)
rElec    .         Harm     +   m - scarf {harm}
rCorr    .         Rampage  .   (gloves unavailable)
Will     .....                  (boots unavailable)
Stlth    ..........             v - amulet of the acrobat
HPRegen  1.20/turn              h - +6 ring of intelligence
MPRegen  0.09/turn              (no ring)

@: held
A: large, unfitting armour, claws 3, regeneration 1, shaggy fur 1, tough skin 1
a: Renounce Religion, Berserk, Trog's Hand


You were on level 5 of the Dungeon.
You worshipped Trog.
Trog was most pleased with you.
You visited 1 branch of the dungeon, and saw 5 of its levels.

You collected 111 gold pieces.

Inventory:

Hand Weapons
 a - a +0 mace (weapon)
 i - a +0 falchion
 j - a +0 falchion
 u - a +0 hunting sling
 x - a +0 hand axe
 B - a +0 rapier
 E - a +0 war axe
 F - a +2 long sword of draining
Missiles
 c - 95 stones (quivered)
 k - 25 bolts
 r - 19 arrows
 t - 42 poisoned darts
 C - 26 sling bullets
Armour
 b - a +0 animal skin
 f - +0 pearl dragon scales (worn)
 m - a scarf of harm (worn)
Jewellery
 h - a +6 ring of intelligence (left claw)
 v - an amulet of the acrobat (around neck)
Scrolls
 e - 7 scrolls of identify {unknown}
 g - a scroll of enchant armour {unknown}
 l - a scroll of silence {unknown}
 o - 2 scrolls of enchant weapon {unknown}
 q - 2 scrolls of noise
 s - a scroll of immolation {unknown}
 w - a scroll of amnesia {unknown}
 y - a scroll of acquirement {unknown}
 A - a scroll of blinking {unknown}
 D - a scroll of teleportation {unknown}
 G - a scroll of fog {unknown}
Potions
 d - a potion of resistance {unknown}
 n - a potion of mutation {unknown}
 p - a potion of curing {unknown}
 z - a potion of heal wounds {unknown}


   Skills:
 + Level 3.1 Fighting
 + Level 4.7 Maces & Flails
 + Level 1.7 Throwing
 + Level 2.1 Armour
 + Level 3.3 Dodging


You had 5 spell levels left.
You didn't know any spells.
Your spell library was empty.

Dungeon Overview and Level Annotations

Branches:
Dungeon (5/15)
 Temple: D:4-7

Altars:
Nemelex Xobeh
Okawaru
Uskayaw
Xom


Innate Abilities, Weirdness & Mutations

You are too large for most types of armour.
You have claws for hands.
Your natural rate of healing is unusually fast.
You are covered in fur. (AC +1)
You have tough skin. (AC +1)


Message History

The gnoll misses you. The gnoll sergeant barely misses you.
The gnoll misses you.
The gnoll sergeant hits you from afar with a +0 trident.
You completely miss the gnoll. The gnoll hits you but does no damage.
The gnoll sergeant misses you. The gnoll barely misses you.
You barely miss the gnoll.
The gnoll sergeant hits you but does no damage.
The gnoll hits you with a +0 halberd!
The gnoll sergeant hits you but does no damage.
You sock the gnoll!
The gnoll is severely wounded.
The gnoll hits you with a +0 halberd.
The gnoll sergeant hits you from afar with a +0 trident!
You sock the gnoll!
You kill the gnoll!
Trog accepts your kill.
The gnoll sergeant hits you but does no damage.
You hit the gnoll but do no damage.
The gnoll sergeant hits you from afar with a +0 trident!
The gnoll hits you but does no damage.
You hit the gnoll.
The gnoll is heavily wounded.
The gnoll sergeant hits you but does no damage.
The gnoll hits you with a +2 flail of protection.
You thump the gnoll!
You kill the gnoll!
Trog accepts your kill.
The gnoll sergeant hits you from afar with a +0 trident!
* * * LOW HITPOINT WARNING * * *
The gnoll throws a throwing net.
The throwing net hits you.
You become entangled in the net!
You struggle against the net.
The gnoll sergeant hits you from afar with a +0 trident.
* * * LOW HITPOINT WARNING * * *
As you read the scroll labelled LIWYRPH FOTZEM, it crumbles to dust.
You hear a loud clanging noise!
It was a scroll of noise.
You hear a shout! x2
The gnoll sergeant hits you from afar with a +0 trident!
You die...

....##.#.#.#.+..#
###.#...#....#..#
#.#....#...#$.#
#.#8..#...8#..#
#..####'###...#
#....)........#
#####.#####...#
#........#########.
#######...@gZ......
######g......
....... .......
....... .......
....... ...)...


You could see a gnoll sergeant, a gnoll and a bullfrog skeleton.

Vanquished Creatures
  A necrophage (D:4)
  An ogre (D:4)
  A hound (D:4)
  An iguana (D:4)
  3 gnolls (D:5)
  2 adders
  2 worms (D:2)
  5 dart slugs
  8 orcs
  4 bats
  13 endoplasms
  6 giant cockroaches
  10 goblins
  4 hobgoblins
  3 jackals (D:2)
  3 quokkas
  6 ball pythons
  A frilled lizard (D:1)
  6 kobolds
  A quokka skeleton (D:4)
  8 rats
89 creatures vanquished.

Notes
Turn   | Place    | Note
-------+----------+-------------------------------------------
     0 | D:1      | Kangaroobicon the Troll Berserker began the quest for the
                  | Orb.
     0 | D:1      | Reached XP level 1. HP: 22/22 MP: 0/0
   157 | D:1      | Reached XP level 2. HP: 29/29 MP: 1/1
   340 | D:1      | Found a faded altar of an unknown god.
   472 | D:1      | Reached skill level 3 in Maces & Flails
   826 | D:2      | Reached XP level 3. HP: 36/36 MP: 2/2
   841 | D:2      | Reached ** piety under Trog
  1574 | D:3      | Reached XP level 4. HP: 44/44 MP: 3/3
  1723 | D:3      | Found a sparkling altar of Nemelex Xobeh.
  1751 | D:3      | Found an iron altar of Okawaru.
  2019 | D:3      | Found a hide-covered altar of Uskayaw.
  2257 | D:4      | Reached skill level 1 in Throwing
  2270 | D:4      | Noticed an ogre
  2277 | D:4      | Killed an ogre
  2278 | D:4      | Reached skill level 1 in Armour
  2278 | D:4      | Reached XP level 5. HP: 18/52 MP: 4/4
  2397 | D:4      | Noticed a necrophage
  2416 | D:4      | Killed a necrophage
  2417 | D:4      | Reached skill level 4 in Maces & Flails
  2417 | D:4      | Reached XP level 6. HP: 61/61 MP: 5/5
  2422 | D:4      | Reached *** piety under Trog
  2678 | D:4      | Found a shimmering altar of Xom.
  2908 | D:5      | Entered Level 5 of the Dungeon
  2972 | D:5      | Slain by a gnoll sergeant

Illustrated notes

Levels and vault maps discovered:
D:1:      wander_arrival_abandoned_jail, layout_loops_cross,
          hellmonk_ecumenical_altar_arch_garden, roderic_malta_cross
D:2:      layout_loops_corners, nrook_mini_backslash
D:3:      layout_basic, chequers_temple_overflow_statue_of_worship,
          nicolae_uskayaw_dance_hall
D:4:      layout_rooms, mainiacjoe_overflow_24_doors, grunt_ministairs_8,
          minmay_pentomino_pile
D:5:      layout_basic, minmay_temple_entry_fiery, enter_ossuary_2, minivault_1,
          minmay_bent, uniq_ijyb

Skill      XL: |  1  2  3  4  5  6 |
---------------+-------------------+-----
Maces & Flails | 3 4 |  4.7
Dodging        | 3 |  3.3
Throwing       | 1 |  1.7
Armour         | 1 2 |  2.1
Fighting       | 3 |  3.1

Action                   |  1- 3 |  4- 6 || total
-------------------------+-------+-------++-------
Melee: Mace              |   106 |   147 ||   253
Throw: Stone             |    37 |    20 ||    57
  Use: Scroll            |       |     1 ||     1
Armor: Animal skin       |     5 |       ||     5
       Pearl dragon scal |    61 |    84 ||   145
Dodge: Dodged            |    57 |    61 ||   118
